AoeStats
← Senstu

Lombardia

510136085Analyzed
2v2 RM · 4d ago on Sep 29, 2026· 35m 18s· 4 players
Game mode
Random Map
Map size
Medium (4 player)
Population
200
Speed
Normal
Resources
Standard
Victory
Conquest
Starting age
Dark Age
Ending age
Imperial Age
RankedLock teamsTeams togetherTeam positionsShared explorationLock speedFull tech treeHidden civsTurbo modeCheats
Victory
Defeat
🇨🇭 Hindustanis · Switzerland
995
+14
🇨🇭 Bulgarians · Switzerland
993
+14
🇮🇳 Khmer · India
969
-14
🇮🇪 Jurchens · Ireland
940
-14
run and gun
10:17 Feudal Age
11:21 Double-Bit Axe
20:22 Loom
28:07 Castle Age
27:46 Fletching
28:27 Bloodlines
29:04 Crossbowman
nickel8448
4:13 Loom
11:48 Feudal Age
18:19 Castle Age
16:46 Double-Bit Axe
19:51 Gold Mining
26:16 Squires
26:02 Arson
29:40 Wheelbarrow
30:43 Hand Cart
Senstu
7:17 Loom
10:23 Feudal Age
11:51 Horse Collar
11:59 Double-Bit Axe
21:58 Castle Age
21:14 Forging
21:16 Scale Barding Armor
25:06 Iron Casting
24:53 Chain Barding Armor
24:34 Scale Mail Armor
24:47 Heavy Plow
25:00 Bow Saw
27:28 Gambesons
27:44 Squires
28:05 Chain Mail Armor
29:26 Arson
32:54 Wheelbarrow
673
11:49 Feudal Age
11:15 Loom
14:01 Bloodlines
13:54 Horse Collar
14:01 Double-Bit Axe
17:13 Wheelbarrow
19:08 Scale Barding Armor
19:40 Gold Mining
24:23 Castle Age
22:56 Forging
25:15 Husbandry
27:08 Chain Barding Armor
27:23 Iron Casting
28:05 Bow Saw
Connection lost

Rejoining the realm…

Still unreachable

The connection could not be restored.

Session expired

The server has moved on; the page needs a fresh start.